 Dungeon Crawl Stone Soup version 0.21.1-1-g345015fe64 (webtiles) character file.

331 Mrkan the Skirmisher (level 6, -6/50 HPs)
             Began as a Demonspawn Monk on May 6, 2018.
             Was a Believer of Yredelemnul.
             Mangled by an ogre
             ... wielding a cursed -1 giant club
              (21 damage)
             ... on level 4 of the Dungeon.
             The game lasted 00:11:44 (3913 turns).

Mrkan the Skirmisher (Demonspawn Monk)              Turns: 3913, Time: 00:11:45

Health: -6/50      AC: 14    Str: 13    XL:     6   Next: 26%
Magic:  7/7        EV:  4    Int: 11    God:    Yredelemnul [**....]
Gold:   206        SH:  0    Dex: 16    Spells: 5/5 levels left

rFire    . . .     SeeInvis .   a - +0 mace
rCold    . . .     Gourm    .   (no shield)
rNeg     . . .     Faith    .   t - +2 plate armour
rPois    .         Spirit   .   (no helmet)
rElec    .         Reflect  .   (no cloak)
rCorr    .         Harm     .   (no gloves)
MR       .....                  (no boots)
Stlth    ..........             r - amulet of rage
HPRegen  0.16/turn              (no ring)
MPRegen  0.10/turn              (no ring)

@: no status effects
A: rugged brown scales 1, powered by pain 1, spiny 2
a: Animate Remains, Recall Undead Slaves, Injury Mirror, Renounce Religion,
Evoke Berserk Rage


You were on level 4 of the Dungeon.
You worshipped Yredelemnul.
Yredelemnul was pleased with you.
You were not hungry.

You visited 2 branches of the dungeon, and saw 5 of its levels.

You collected 206 gold pieces.

Inventory:

Hand Weapons
 a - a +0 mace (weapon)
Armour
 b - a +0 robe
 t - a +2 plate armour (worn)
Jewellery
 r - an amulet of rage (around neck)
 u - an uncursed ring of protection from cold {unknown}
 y - an uncursed ring of stealth {unknown}
 A - an uncursed ring of positive energy {unknown}
 B - an uncursed amulet of guardian spirit {unknown}
Scrolls
 e - a scroll of fear
 g - a scroll of magic mapping {unknown}
 j - a scroll of remove curse {unknown}
 k - a scroll of enchant weapon {unknown}
 m - 2 scrolls of amnesia
 n - 2 scrolls of identify
 o - 2 scrolls of teleportation {unknown}
 p - 3 scrolls of enchant armour
 v - a scroll of immolation {unknown}
 x - a scroll of noise {unknown}
 z - a scroll of blinking
Potions
 d - a potion of heal wounds {unknown}
 f - 2 potions of haste
 h - a potion of curing
 i - a potion of mutation {unknown}
 l - 2 potions of flight {unknown}
 q - 2 potions of ambrosia {unknown}
 s - a potion of might {unknown}
 w - a potion of degeneration {unknown}
 C - 2 potions of invisibility {unknown}
Comestibles
 c - 7 rations
 D - 6 chunks of flesh


   Skills:
 - Level 4.5 Fighting
 + Level 4.2 Maces & Flails
 + Level 3.0 Armour
 - Level 2.7 Dodging
 - Level 1.8 Stealth
 * Level 1.7 Invocations


You had 5 spell levels left.
You didn't know any spells.

Dungeon Overview and Level Annotations

Branches:
Dungeon (4/15)             Temple (1/1) D:4

Altars:
Ashenzari
Cheibriados
Dithmenos
Elyvilon
Fedhas
Gozag
Kikubaaqudgha
Nemelex Xobeh
Okawaru
Qazlal
Ru
Uskayaw
Vehumet
Yredelemnul
Zin
The Shining One


Innate Abilities, Weirdness & Mutations

You are partially covered in rugged brown scales. (AC +1, +3% HP)
You sometimes gain a little power by taking damage.
You are mostly covered in sharp spines.


Message History

Your plate armour prevents you from hitting the ogre.
The ogre hits you with a giant club!
You hit the ogre but do no damage. The ogre hits you but does no damage.
You hit the ogre.
The ogre is lightly wounded.
The ogre barely misses you.
You sock the ogre!
The ogre is moderately wounded.
Your plate armour prevents you from hitting the ogre.
The ogre is moderately wounded.
The ogre hits you with a giant club!!
* * * LOW HITPOINT WARNING * * *
You hit the ogre.
The ogre is heavily wounded.
The ogre is struck by your spines. The ogre barely misses you.
You hit the ogre.
The ogre is severely wounded.
The ogre hits you with a giant club!!
You die...
Your body rises from the dead as a mindless zombie.

##+# ####### #...#
###≈#§#≈### .....#
#...§§§...# ......#
##.#≈#≈#§#.#
.......####..#######.###
......O@........<.......
.......####.....#.######
......# ##..#.#.#.....
.....# ##.....#.###.
#...# ###.### #. ##+#
#.# #. #### #.# #.#
#.###. ..# #.# #.#
#..... ###.# ##.## #.#
#####.


You could see an ogre.

Vanquished Creatures
  A howler monkey (D:4)
  2 orc priests
  2 orc wizards
  7 adders
  6 worms
  4 dart slugs
  7 leopard geckos
  9 orcs
  4 giant cockroaches
  10 hobgoblins
  4 jackals (D:3)
  5 kobolds
  A quokka (D:3)
  A ball python (D:3)
  3 bats (D:2)
  4 frilled lizards
  5 goblins
  A quokka skeleton (D:4)
  9 rats
85 creatures vanquished.

Notes
Turn   | Place    | Note
-------+----------+-------------------------------------------
     0 | D:1      | Mrkan the Demonspawn Monk began the quest for the Orb.
     0 | D:1      | Reached XP level 1. HP: 18/18 MP: 1/1
   393 | D:1      | Gained mutation: You are partially covered in rugged brown scales. (AC +1, +3% HP) [demonic ancestry]
   393 | D:1      | Reached XP level 2. HP: 18/24 MP: 2/2
   791 | D:2      | Reached skill level 1 in Armour
  1231 | D:2      | Reached XP level 3. HP: 25/29 MP: 3/3
  1978 | D:2      | Gained mutation: You are partially covered in sharp spines. [demonic ancestry]
  1978 | D:2      | Reached XP level 4. HP: 31/38 MP: 4/4
  2042 | D:2      | Found a glowing golden altar of the Shining One.
  2197 | D:2      | Found a faded altar of an unknown god.
  2297 | D:2      | Found a hide-covered altar of Uskayaw.
  2397 | D:3      | HP: 1/38 [worm (3)]
  2441 | D:3      | Gained mutation: You are mostly covered in sharp spines. [demonic ancestry]
  2441 | D:3      | Reached XP level 5. HP: 16/43 MP: 5/5
  3154 | D:4      | Found a staircase to the Ecumenical Temple.
  3167 | Temple   | Entered the Ecumenical Temple
  3403 | Temple   | Became a worshipper of Yredelemnul the Dark
  3403 | Temple   | Reached * piety under Yredelemnul
  3403 | Temple   | Reached ** piety under Yredelemnul
  3676 | D:4      | Gained mutation: You sometimes gain a little power by taking damage. [demonic ancestry]
  3676 | D:4      | Reached XP level 6. HP: 50/50 MP: 6/6
  3746 | D:4      | Found a snail-covered altar of Cheibriados.
  3777 | D:4      | Reached skill level 1 in Invocations
  3913 | D:4      | Mangled by an ogre

Skill      XL: |  1  2  3  4  5  6 |
---------------+-------------------+-----
Maces & Flails | 3 4 |  4.2
Armour         | 1 2 3 |  3.0
Fighting       | 4 |  4.5
Invocations    | 1 |  1.7
Dodging        | |  2.7
Stealth        | |  1.8

Action                   |  1- 3 |  4- 6 || total
-------------------------+-------+-------++-------
Melee: Mace              |   158 |   108 ||   266
  Use: Potion            |       |     3 ||     3
       Scroll            |       |     6 ||     6
 Stab: Sleeping          |     1 |       ||     1
  Eat: Chunk             |     3 |     7 ||    10
Armor: Robe              |     1 |       ||     1
       Plate armour      |   131 |    92 ||   223
Dodge: Dodged            |    49 |    17 ||    66
